 Dungeon Crawl Stone Soup version 0.27-a0-892-gd1b0476 (webtiles) character file.

Game seed: 1592976252051986769

50 Nithhogg the Skirmisher (level 3, -1/29 HPs)
             Began as a Demonspawn Fighter on Apr 5, 2021.
             Succumbed to an adder's poison
             ... on level 2 of the Dungeon.
             The game lasted 00:02:35 (1469 turns).

Nithhogg the Skirmisher (Demonspawn Fighter)        Turns: 1469, Time: 00:02:36

Health: -1/29      AC:  6    Str: 17    XL:     3   Next: 55%
Magic:  3/3        EV:  9    Int:  9    God:
Gold:   83         SH:  0    Dex: 12    Spells: 2/2 levels left

rFire    + . .     SeeInvis .   a - +0 long sword
rCold    + . .     Faith    .   (no shield)
rNeg     . . .     Spirit   .   b - +0 scale mail
rPois    +         Reflect  .   (helmet restricted)
rElec    +         Harm     .   (no cloak)
rCorr    +         Rampage  .   (no gloves)
Will     .....                  (no boots)
Stlth    ..........             (no amulet)
HPRegen  0.09/turn              (no ring)
MPRegen  0.08/turn              (no ring)

@: mighty, lethally poisoned (-1 -> -3), resistant
A: horns 1
a: no special abilities


You were on level 2 of the Dungeon.
You visited 1 branch of the dungeon, and saw 2 of its levels.

You collected 83 gold pieces.

Inventory:

Hand Weapons
 a - a +0 long sword (weapon)
Armour
 b - a +0 scale mail (worn)
 c - a +0 kite shield
Jewellery
 f - an amulet of the acrobat
Scrolls
 e - a scroll of identify
 h - a scroll of noise


   Skills:
 + Level 3.3 Fighting
 * Level 2.6 Long Blades
 + Level 3.0 Armour
 + Level 1.1 Dodging
 - Level 2.6 Shields


You had 2 spell levels left.
You didn't know any spells.
Your spell library was empty.

Dungeon Overview and Level Annotations

Branches:
Dungeon (2/15)

Altars:


Innate Abilities, Weirdness & Mutations

You have a pair of small horns on your head.


Message History

The adder bites you. x2
You hit the adder. Your headbutt misses the adder.
The adder is almost dead.
You feel sick. The adder bites you.
You are more poisoned.
The adder poisons you! The adder bites you but does no damage.
The adder bites you.
You are more poisoned.
The adder poisons you! The adder barely misses you.
You riposte.
You miss the adder.
You are too injured to fight recklessly!
You are too injured to fight recklessly!
You are too injured to fight recklessly!
You are too injured to fight recklessly!
You are too injured to fight recklessly!
You feel sick.
You feel sick.
It was a potion of resistance.
You feel protected.
* * * LOW HITPOINT WARNING * * *
You feel sick. The adder bites you.
* * * LOW HITPOINT WARNING * * *
The adder barely misses you.
You riposte.
You closely miss the adder. Your headbutt misses the adder.
The adder is almost dead.
* * * LOW HITPOINT WARNING * * *
You feel sick.
As you read the scroll labelled MEVOUV DIAC, it crumbles to dust.
It is a scroll of identify.
h - a scroll of noise
* * * LOW HITPOINT WARNING * * *
You feel sick. The adder bites you but does no damage.
The adder closely misses you.
You feel very mighty all of a sudden.
* * * LOW HITPOINT WARNING * * *
You feel sick.
The adder barely misses you. x2; You riposte.
You closely miss the adder. You slash the adder!
You kill the adder!
You die...

#..# .# # #..# .#.
##..##. ..##
###..##...##..#
#####...##..[.w...#
#.....#..## ##S.#
♣.♣♣..##..## ##..## ##
♣.♣♣#.#.#..###Sw#.#
.#♣♣.♣♣#.##.#..#@†#.##
.#♣.).♣#.#.#.#†..#.#.#
.#♣♣.♣♣..#############
.# #..#### .###.##
.....# .#...# ...###
#[##


You could see 2 adders and a dart slug.

Vanquished Creatures
  A gnoll (D:1)
  An adder (D:2)
  A worm (D:2)
  2 ball pythons
  3 endoplasms
  2 giant cockroaches
  6 hobgoblins (D:1)
  2 jackals (D:1)
  3 quokkas (D:2)
  7 bats
  A frilled lizard (D:1)
  A kobold (D:1)
  4 rats (D:1)
34 creatures vanquished.

Notes
Turn   | Place    | Note
-------+----------+-------------------------------------------
     0 | D:1      | Nithhogg the Demonspawn Fighter began the quest for the
                  | Orb.
     0 | D:1      | Reached XP level 1. HP: 18/18 MP: 1/1
   343 | D:1      | Gained mutation: You have a pair of small horns on your
                  | head. [demonic ancestry]
   343 | D:1      | Reached XP level 2. HP: 16/24 MP: 2/2
   529 | D:1      | Found a faded altar of an unknown god.
   910 | D:1      | Reached XP level 3. HP: 29/29 MP: 3/3
  1176 | D:2      | Reached skill level 1 in Dodging
  1468 | D:2      | HP: 1/29 [poisoned by an adder]
  1469 | D:2      | Succumbed to an adder's poison

Illustrated notes

Levels and vault maps discovered:
D:1:      ncdulo_wetmaze, layout_basic, ebering_ecumenical_altar_abandoned
D:2:      minmay_diamond_boxcup, layout_rooms, serial_forest,
          infiniplex_forest_lined_4_way, infiniplex_forest_side_room,
          infiniplex_forest_lined_3_way, infiniplex_forest_clump_tiny,
          infiniplex_forest_corner_1, infiniplex_forest_straight_4,
          infiniplex_forest_lined_corner, infiniplex_forest_zigzag_2,
          infiniplex_forest_lined_room_3

Skill      XL: |  1  2  3 |
---------------+----------+-----
Long Blades    | 2 |  2.6
Armour         | 3 |  3.0
Dodging        | 1 |  1.1
Fighting       | |  3.3
Shields        | |  2.6

Action                   || total
-------------------------++-------
Melee: Long sword        ||    87
       Headbutt          ||    13
  Use: Potion            ||     2
       Scroll            ||     1
Armor: Scale mail        ||    55
Dodge: Dodged            ||    56
       Rpst.: Long sword ||    16

Table legend: (Time is in decaauts)
 A = Elapsed time spent in this place.
 B = Non-inter-level travel time spent in this place.
 C = Inter-level travel time spent in this place.
 D = Time resting spent in this place.
 E = Time spent auto-exploring this place.
 F = Levels seen in this place.
 G = Mean time per level.
                   A        B        C        D        E       F      G
               +--------+--------+--------+--------+--------+-----+--------+
         Total |   1500 |   1477 |     23 |      0 |   1257 |   2 |  750.0 |
       Dungeon |   1500 |   1477 |     23 |      0 |   1257 |   2 |  750.0 |
               +--------+--------+--------+--------+--------+-----+--------+

Top non-repeatable levels by time:
     D:1: 1166 daAuts
     D:2: 333 daAuts
